Map: [ESL] Oceanborn

Players

trigger

  • Race: Protoss Protoss
  • League: Grandmaster
  • Spawn Location: 11:00

Bunny - Winner!

  • Race: Terran Terran
  • Spawn Location: 5:00

Event: IEM Katowice 2024

VOD

Have the link to the VOD?

Description

Time

  • Played on: Dec. 10, 2023, 8:19 p.m.
  • Length: 11:04

All games in this series

Show
View Real Time Build Order
Export as new Build Order

trigger Protoss 

Build Orders: 1 Gate Expand, Blink Stalkers, Colossus Rush 

Get SALT Encoding   

  12  0:00  Probe  
  13  0:12  Probe  
  14  0:18  Pylon  
  14  0:24  Probe (Chrono Boost)  
  15  0:36  Gateway  
  15  0:38  Probe (Chrono Boost)  
  15  0:41  Assimilator  
  16  0:43  Probe (Chrono Boost)  
  17  0:53  Probe  
  18  1:05  Probe  
  19  1:17  Probe  
  20  1:23  Cybernetics Core  
  20  1:31  Nexus  
  20  1:34  Probe  
  21  1:41  Pylon  
  21  1:48  Assimilator  
  21  1:50  Probe  
  22  1:56  Adept (Chrono Boost)  
  22  2:00  Warp Gate  
  24  2:03  Probe  
  25  2:15  Probe (Chrono Boost)  
  26  2:19  Stalker  
  28  2:27  Twilight Council, Probe (Chrono Boost)  
  29  2:34  Probe (Chrono Boost)  
  30  2:43  Probe (Chrono Boost)  
  32  2:46  Probe (Chrono Boost)  
  32  2:52  Probe (Chrono Boost)  
  32  2:55  Probe (Chrono Boost)  
  32  2:57  Probe (Chrono Boost)  
  34  3:01  Gateway  
  35  3:06  Blink  
  35  3:07  Probe (Chrono Boost)  
  35  3:09  Probe (Chrono Boost)  
  37  3:18  Robotics Facility  
  38  3:22  Probe (Chrono Boost)  
  38  3:23  Probe (Chrono Boost)  
  39  3:27  Probe (Chrono Boost)  
  39  3:30  Probe  
  41  3:38  Probe  
  42  3:41  Nexus  
  42  3:44  Probe  
  42  3:48  Stalker  
  42  3:51  Probe  
  45  3:56  Probe  
  45  3:57  Assimilator  
  45  3:59  Assimilator  
  45  4:02  Pylon  
  46  4:10  Pylon  
  46  4:13  Robotics Bay  
  46  4:20  Observer, Probe (Chrono Boost), Stalker  
  46  4:21  Probe (Chrono Boost), Stalker  
  53  4:30  Probe (Chrono Boost)  
  54  4:32  Probe (Chrono Boost)  
  54  4:35  Probe (Chrono Boost)  
  56  4:41  Probe  
  56  4:47  Probe (Chrono Boost)  
  56  4:49  Forge  
  57  4:53  Shield Battery  
  57  4:56  Probe (Chrono Boost)  
  57  4:57  Probe (Chrono Boost)  
  57  4:58  Stalker  
  62  5:04  Probe (Chrono Boost)  
  62  5:05  Probe (Chrono Boost)  
  61  5:10  Probe x2 (Chrono Boost)  
  61  5:13  Probe (Chrono Boost)  
  63  5:17  Colossus (Chrono Boost)  
  63  5:18  Charge  
  69  5:25  Probe (Chrono Boost)  
  69  5:27  Probe (Chrono Boost)  
  72  5:29  Probe (Chrono Boost)  
  72  5:30  Probe (Chrono Boost)  
  72  5:32  Extended Thermal Lance  
  72  5:33  Protoss Ground Weapons Level 1  
  73  5:38  Probe, Pylon  
  73  5:39  Probe  
  73  5:42  Probe  
  76  5:49  Gateway x2  
  76  5:50  Probe  
  76  5:56  Probe  
  78  5:59  Gateway  
  78  6:00  Gateway  
  78  6:03  Sentry x2  
  82  6:06  Pylon  
  82  6:14  Pylon  
  85  6:20  Photon Cannon  
  85  6:21  Immortal (Chrono Boost)  
  85  6:22  Shield Battery  
  85  6:26  Gateway  
  85  6:27  Gateway  
  85  6:28  Zealot x2  
  89  6:33  Probe x2  
  91  6:41  Colossus (Chrono Boost)  
  91  6:44  Pylon  
  91  6:46  Zealot x2  
  101  6:52  Pylon  
  101  6:53  Pylon  
  97  6:55  Zealot x2  
  97  6:58  Zealot x2  
  95  7:03  Probe  
  95  7:04  Probe x2  
  95  7:06  Assimilator  
  95  7:07  Zealot  
  96  7:11  Zealot  
  96  7:16  Probe  
  96  7:21  Zealot x5  
  91  7:37  Stalker x3  
  91  7:38  Warp Prism (Chrono Boost)  
  99  7:47  Nexus  
  99  7:48  Pylon  
  99  7:53  Sentry x2, Templar Archives  
  99  7:57  Zealot x2  
  107  8:00  Observer (Chrono Boost)  
  108  8:08  Photon Cannon  
  108  8:09  Shield Battery  
  108  8:11  Stalker  
  108  8:12  Stalker x2  
  114  8:13  Protoss Ground Armor Level 1 (Chrono Boost)  
  114  8:20  Immortal (Chrono Boost)  
  118  8:27  Zealot x4  
  118  8:31  Zealot  
  127  8:36  Stalker x2  
  129  8:48  Zealot x3  
  117  8:56  Stalker  
  117  8:57  Stalker x2  
  117  9:04  Stalker  
  117  9:05  Probe x2  
  117  9:06  Probe  
  117  9:09  Probe  
  113  9:10  Observer (Chrono Boost)  
  113  9:13  Photon Cannon  
  111  9:18  Photon Cannon  
  111  9:19  Stalker x4  
  111  9:21  Observer  
  119  9:30  Immortal (Chrono Boost)  
  121  9:34  Robotics Facility  
  121  9:37  Zealot x3  
  127  9:41  Probe x2  
  127  9:42  Probe  
  128  9:51  Robotics Facility  
  128  9:57  Observer  
  129  10:01  Observer (Chrono Boost)  
  129  10:04  Probe (Chrono Boost)  
  133  10:07  Assimilator  
  133  10:08  Probe x2 (Chrono Boost)  
  133  10:09  Probe (Chrono Boost)  
  133  10:10  Zealot x6  
  133  10:12  Pylon  
  145  10:14  Photon Cannon  
  145  10:22  Immortal (Chrono Boost)  
  145  10:25  Zealot x2  
  107  10:35  Zealot x4  
  107  10:36  Zealot x2  
  104  10:46  Shield Battery  
  104  10:49  Zealot  
  100  10:50  Zealot  
  100  10:56  Zealot x5  
  104  10:58  Zealot  
Show
View Real Time Build Order
Export as new Build Order

Bunny Terran - Winner!

Build Orders: Reaper Expand 

Get SALT Encoding   

  12  0:00  SCV  
  13  0:12  SCV  
  14  0:17  Supply Depot  
  14  0:24  SCV  
  15  0:38  SCV  
  15  0:40  Barracks  
  15  0:42  Refinery  
  16  0:51  SCV  
  17  1:03  SCV  
  18  1:15  SCV  
  19  1:27  Orbital Command  
  19  1:28  Reaper  
  20  1:38  Command Center  
  20  1:46  Supply Depot  
  20  1:52  SCV  
  21  1:59  Marine  
  22  2:04  SCV  
  22  2:06  Factory  
  23  2:10  Refinery  
  23  2:15  Bunker  
  23  2:19  SCV  
  23  2:22  Barracks Reactor  
  24  2:31  SCV  
  25  2:43  SCV  
  26  2:51  Hellion, Starport  
  26  2:53  Orbital Command  
  26  2:55  SCV  
  26  2:57  Marine  
  26  2:58  Marine  
  31  3:08  SCV  
  32  3:13  Widow Mine  
  32  3:15  Marine  
  32  3:16  Marine  
  32  3:19  SCV  
  37  3:22  SCV  
  38  3:28  Medivac  
  38  3:29  Supply Depot  
  38  3:31  SCV  
  42  3:34  SCV  
  42  3:36  Widow Mine  
  42  3:38  Marine x2  
  46  3:51  SCV x2  
  46  3:53  Barracks x2  
  47  4:01  Supply Depot  
  47  4:03  Starport Tech Lab, Factory Tech Lab, Marine x2, SCV  
  47  4:06  SCV  
  51  4:12  Refinery  
  51  4:15  SCV  
  52  4:18  SCV  
  52  4:21  Marine  
  52  4:23  Interference Matrix, Engineering Bay  
  55  4:26  Raven  
  56  4:34  SCV x2  
  56  4:36  Marine  
  57  4:39  Marine  
  57  4:43  Barracks Tech Lab  
  56  4:46  SCV x2  
  56  4:47  Supply Depot  
  56  4:48  Marine  
  56  4:49  Stimpack  
  56  4:51  Terran Infantry Weapons Level 1, Factory Reactor  
  59  4:56  Refinery  
  59  4:58  SCV x2  
  61  5:00  Marine  
  61  5:06  Supply Depot  
  62  5:08  Marine  
  62  5:10  Marauder x2  
  62  5:13  Combat Shield  
  67  5:14  SCV  
  67  5:15  SCV  
  67  5:18  Supply Depot  
  67  5:19  Marine  
  68  5:26  Marine  
  69  5:31  Marauder x2, SCV x2  
  69  5:33  Medivac  
  77  5:39  Medivac  
  79  5:43  Supply Depot, Marine  
  79  5:46  Factory Reactor, Supply Depot  
  79  5:47  SCV x2  
  82  5:53  Marauder x2  
  86  6:05  SCV x2, Marine x2  
  90  6:11  Command Center  
  90  6:16  Marauder  
  90  6:18  Marauder  
  94  6:20  SCV x2  
  94  6:24  Supply Depot  
  96  6:29  Barracks, Concussive Shells  
  96  6:32  Barracks  
  96  6:40  Widow Mine x2  
  96  6:45  Terran Infantry Armor Level 1  
  102  6:47  Marauder x2  
  102  6:52  Marine x2  
  104  6:56  Medivac x2  
  96  7:01  Widow Mine x2  
  96  7:03  SCV x2  
  97  7:09  Marauder x2  
  97  7:11  Marine x2  
  97  7:23  Widow Mine x2  
  97  7:24  SCV x2  
  97  7:29  Marine x2  
  100  7:31  Marauder x2  
  100  7:33  Medivac x2  
  107  7:37  Barracks Reactor  
  107  7:38  Marauder  
  107  7:40  Orbital Command  
  107  7:41  SCV  
  107  7:43  SCV  
  111  7:45  Widow Mine  
  111  7:46  Widow Mine  
  115  7:51  Marine x2  
  115  7:54  SCV, Ghost Academy  
  115  7:55  SCV  
  119  8:01  Armory  
  119  8:03  Viking x2  
  123  8:07  Marauder  
  123  8:11  Supply Depot  
  125  8:13  Marauder, SCV x3  
  125  8:18  Marine x3  
  133  8:23  Supply Depot  
  133  8:29  Refinery x2  
  133  8:32  SCV x3, Marine  
  133  8:33  Supply Depot  
  133  8:34  Ghost x3  
  139  8:41  Viking  
  139  8:44  Viking  
  140  8:52  Marine  
  140  8:53  Marine x3  
  142  8:58  SCV x2  
  142  9:02  Ghost x2  
  134  9:04  Marine  
  138  9:10  Marine x2  
  138  9:11  Viking, Marine  
  138  9:16  SCV x3  
  144  9:19  Command Center  
  144  9:22  Marine  
  144  9:23  Marauder  
  147  9:28  Marine  
  146  9:32  Marauder x2  
  146  9:35  Marine x2  
  147  9:40  Marine  
  147  9:44  Marauder  
  150  9:46  Marine  
  150  9:49  Medivac x2  
  150  9:51  Widow Mine  
  157  9:56  Supply Depot x2  
  157  9:57  Supply Depot  
  157  9:58  Widow Mine, Marauder x2, Marine x2  
  165  10:05  Supply Depot  
  165  10:06  Missile Turret, Supply Depot  
  165  10:08  Missile Turret  
  165  10:14  Missile Turret  
  165  10:17  Marine x3  
  165  10:18  SCV x3  
  155  10:36  Marauder x3  
  155  10:37  Marine x2  
  155  10:41  Widow Mine x2  
  152  10:43  Marine x2  

Tags
 
Add a new tag
Caveats
  • Supply blocks, unpowered buildings, or Contaminate may cause inaccurate times.
  • Supply counts are checked every 10 seconds.